 Dungeon Crawl Stone Soup version 0.17-a0-1805-g6093636 (webtiles) character file.

1369 luca467 the Skirmisher (level 8, -4/61 HPs)
             Began as an Octopode Fighter on Sept 12, 2015.
             Was an Initiate of Dithmenos.
             Slain by an iguana (10 damage)
             ... on level 6 of the Dungeon.
             The game lasted 00:27:34 (6427 turns).

luca467 the Skirmisher (Octopode Fighter)           Turns: 6427, Time: 00:27:34

Health: -4/61      AC:  1    Str: 15    XL:     8   Next: 65%
Magic:  8/8        EV: 10    Int: 11    God:    Dithmenos [......]
Gold:   350        SH: 11    Dex: 13    Spells: 0 memorised, 7 levels left

rFire  . . .     SeeInvis .     a - +0 rapier
rCold  . . .     Clarity  +     b - +3 shield
rNeg   . . .     SustAt   .     (helmet restricted)
rPois  .         Gourm    .     B - amulet of clarity
rElec  .         Spirit   .     (no ring)
rCorr  .         Warding  .     (no ring)
rMut   .         Stasis   .     (no ring)
MR     .....                    (no ring)
Stlth  +++.......               (no ring)
                                (no ring)
                                (no ring)
                                (no ring)

@: not resistant to hostile enchantments, fairly stealthy
A: almost no armour, amphibious, 8 rings, constrict 8, camouflage 1, gelatinous
body 1
a: Renounce Religion


You were on level 6 of the Dungeon.
You worshipped Dithmenos.
Dithmenos was noncommittal.
You were not hungry.

You visited 2 branches of the dungeon, and saw 7 of its levels.

You collected 350 gold pieces.

Inventory:

Hand weapons
 a - a +0 rapier (weapon)
 q - a +0 blowgun
Missiles
 p - 14 poisoned needles
Armour
 b - a +3 shield (worn)
Jewellery
 B - an amulet of clarity (around mantle)
Magical devices
 l - a wand of cold (7)
 m - a wand of magic darts (43)
 t - a wand of enslavement (9)
 y - a wand of teleportation (7)
Scrolls
 i - a scroll of identify
 n - 2 scrolls of teleportation
 s - a scroll of magic mapping
 x - a scroll of remove curse
Potions
 c - 4 potions of might
 e - 2 potions of haste
 g - a potion of brilliance
 o - a potion of magic
 r - a potion of mutation
 w - 2 potions of flight
Comestibles
 d - 7 bread rations
 f - 2 beef jerkies
 k - 6 meat rations


   Skills:
 * Level 7.6 Fighting
 * Level 7.6 Short Blades
 - Level 3.0 Dodging
 - Level 2.2 Stealth
 - Level 3.0 Shields


You had 7 spell levels left.
You didn't know any spells.

Dungeon Overview and Level Annotations

Branches:
Dungeon (6/15)             Temple (1/1) D:6

Altars:
Ashenzari
Cheibriados
Dithmenos
Fedhas
Gozag
Kikubaaqudgha
Makhleb
Qazlal
Sif Muna
Vehumet
Xom
Yredelemnul
Zin

Annotations:
D:3 luca467's ghost, weakling OpFi
D:6 Blork the orc; Pikel


Innate Abilities, Weirdness & Mutations

You cannot wear most types of armour.
You are amphibious.
You can wear up to eight rings at the same time.
You can use your tentacles to constrict eight enemies at once.
Your skin changes colour to match your surroundings (Stealth).
Your rubbery body absorbs attacks (AC +1).


Message History

You block the iguana's attack.
You hit Pikel but do no damage. Your squeeze misses Pikel.
Pikel is moderately wounded.
You constrict Pikel.
You constrict the slave, but do no damage.
Pikel barely misses you. The slave hits you!
* * * LOW HITPOINT WARNING * * *
The iguana closely misses you.
You hit the slave but do no damage. You squeeze the slave.
The slave is almost dead.
You constrict Pikel. You constrict the slave.
You kill the slave!
That felt strangely unrewarding.
You block Pikel's attack.
You hit Pikel but do no damage. You squeeze Pikel, but do no damage.
Pikel is heavily wounded.
You constrict Pikel. The iguana barely misses you. You block Pikel's attack.
You hit Pikel.
Pikel is severely wounded.
You constrict Pikel. The iguana bites you!
You die...

#..................#
...####.
#...###............#
... #. #..
#............# .. ##
#. #............# #
#............#
#............#
#............#
#.......§.§..#
#...)....@K..#
#.......l[§..#
#............#
#............#
.............#
######.?....#
#......# #......#
#.......


You could see Pikel and an iguana.

Vanquished Creatures
  Grinder (D:6)
  Edmund (D:4)
  4 slaves
  An orc warrior (D:6)
  2 black bears (D:6)
  A centaur (D:5)
  An ogre (D:5)
  2 scorpions
  2 iguanas (D:6)
  3 giant frog skeletons (D:4)
  2 hounds
  An orc wizard (D:5)
  A centaur skeleton (D:4)
  Terence (D:2)
  A worker ant (D:6)
  3 gnolls (D:3)
  Robin (D:2)
  7 adders
  2 oozes (D:3)
  A worm (D:4)
  6 giant geckos
  11 orcs
  6 giant cockroaches
  11 goblins
  7 hobgoblins (D:2)
  5 kobolds
  5 quokkas
  3 ball pythons
  6 bats
  5 giant newts
  7 jackals
  2 quokka skeletons (D:4)
  5 rats
117 creatures vanquished.

Vanquished Creatures (others)
  A fungus (D:2)
1 creature vanquished.

Grand Total: 118 creatures vanquished

Notes
Turn   | Place    | Note
--------------------------------------------------------------
     0 | D:1      | luca467 the Octopode Fighter began the quest for the Orb.
     0 | D:1      | Reached XP level 1. HP: 16/16 MP: 1/1
   217 | D:1      | Reached XP level 2. HP: 21/21 MP: 2/2
   427 | D:2      | Reached skill level 1 in Stealth
   529 | D:2      | Noticed Robin
   887 | D:2      | Found a stormy altar of Qazlal.
   898 | D:2      | Found a blossoming altar of Fedhas.
  1214 | D:2      | Reached XP level 3. HP: 24/26 MP: 3/3
  1231 | D:2      | Killed Robin
  1522 | D:2      | Noticed Terence
  1532 | D:2      | Killed Terence
  1532 | D:2      | Reached XP level 4. HP: 20/33 MP: 4/4
  1810 | D:3      | Reached skill level 4 in Fighting
  1813 | D:3      | Reached XP level 5. HP: 28/37 MP: 5/5
  1958 | D:3      | Noticed luca467's ghost (weakling OpFi)
  2846 | D:4      | Reached XP level 6. HP: 23/44 MP: 6/6
  3169 | D:4      | Noticed Edmund
  3181 | D:4      | Killed Edmund
  3181 | D:4      | Reached skill level 5 in Fighting
  3181 | D:4      | Reached skill level 5 in Short Blades
  3573 | D:4      | Reached XP level 7. HP: 50/50 MP: 7/7
  3847 | D:5      | Entered Level 5 of the Dungeon
  3937 | D:5      | Found an opulent altar of Gozag.
  4407 | D:5      | Reached skill level 6 in Fighting
  5139 | D:6      | Noticed Grinder
  5151 | D:6      | Killed Grinder
  5151 | D:6      | Reached XP level 8. HP: 37/58 MP: 8/8
  5294 | D:6      | Reached skill level 7 in Fighting
  5599 | D:6      | Noticed Blork the orc
  5896 | D:6      | Found a staircase to the Ecumenical Temple.
  5942 | D:6      | Noticed Pikel
  5946 | Temple   | Entered the Ecumenical Temple
  6044 | Temple   | Became a worshipper of Dithmenos the Shadowed
  6086 | Temple   | HP: 3/61 [slave[Pikel] (7)]
  6091 | Temple   | HP: 2/91 [slave[Pikel] (2)]
  6099 | Temple   | HP: 2/91 [slave[Pikel] (1)]
  6427 | D:6      | Slain by an iguana

Vault maps used:
D:1:      ncdulo_watergridlock
D:2:      grunt_temple_overflow_forces_of_nature, first_bread,
          due_unseen_surprise, uniq_robin, uniq_terence
D:4:      uniq_edmund
D:5:      nicolae_gozag_seed_capital
D:6:      minmay_temple_entry_purple_smoke, bloody_makhleb, uniq_grinder,
          uniq_blork_the_orc, uniq_crazy_yiuf_cottage, uniq_pikel
Temple:   eino_narrow_crystal_temple_a_12

Action                   |  1- 3 |  4- 6 |  7- 9 || total
-------------------------+-------+-------+-------++-------
Melee: Rapier            |    68 |    97 |   162 ||   327
  Use: Scroll            |       |    11 |     8 ||    19
       Potion            |       |       |     3 ||     3
 Stab: Sleeping          |     2 |    15 |     9 ||    26
       Distracted        |       |       |     1 ||     1
  Eat: Chunk             |     2 |     6 |     8 ||    16
       Royal jelly       |       |       |     1 ||     1
